 Dungeon Crawl Stone Soup version 0.17-a0-1667-g4ca74a1 (webtiles) character file.

53 wvc the Cutter (level 3, -5/24 HPs)
             Began as an Octopode Wanderer on Aug 17, 2015.
             Slain by a gnoll
             ... wielding a +0 club
              (10 damage)
             ... on level 2 of the Dungeon.
             The game lasted 00:02:51 (1130 turns).

wvc the Cutter (Octopode Wanderer)                  Turns: 1130, Time: 00:02:51

Health: -5/24      AC:  1    Str: 10    XL:     3   Next: 89%
Magic:  3/3        EV: 12    Int: 16    God:
Gold:   59         SH:  0    Dex: 11    Spells: 0 memorised, 2 levels left

rFire  . . .     SeeInvis .     h - +3 dagger (vamp)
rCold  . . .     Clarity  .     (no shield)
rNeg   . . .     SustAt   .     (helmet restricted)
rPois  .         Gourm    .     a - amulet of resist mutation
rElec  .         Spirit   .     (no ring)
rCorr  .         Warding  .     (no ring)
rMut   +         Stasis   .     (no ring)
MR     .....                    (no ring)
Stlth  +++.......               (no ring)
                                (no ring)
                                (no ring)
                                (no ring)

@: not resistant to hostile enchantments, fairly stealthy
A: almost no armour, amphibious, 8 rings, constrict 8, camouflage 1, gelatinous
body 1
a: no special abilities


You were on level 2 of the Dungeon.
You were not hungry.

You visited 1 branch of the dungeon, and saw 2 of its levels.

You collected 59 gold pieces.

Inventory:

Hand weapons
 h - a +3 vampiric dagger (weapon)
Jewellery
 a - an amulet of resist mutation (around mantle)
Scrolls
 b - a scroll of blinking
 f - 2 scrolls of identify
 g - 3 scrolls of remove curse
 i - a scroll of enchant armour
Potions
 c - a potion of mutation {unknown}
 d - 3 potions of curing
 e - a potion of might {unknown}
Comestibles
 j - a meat ration


   Skills:
 - Level 2.0 Fighting
 * Level 4.4 Short Blades
 - Level 1.0 Throwing
 - Level 2.0 Dodging
 + Level 2.5 Stealth
   Level 1.0 Shields


You had 2 spell levels left.
You didn't know any spells.

Dungeon Overview and Level Annotations

Branches:
Dungeon (2/15)

Altars:


Innate Abilities, Weirdness & Mutations

You cannot wear most types of armour.
You are amphibious.
You can wear up to eight rings at the same time.
You can use your tentacles to constrict eight enemies at once.
Your skin changes colour to match your surroundings (Stealth).
Your rubbery body absorbs attacks (AC +1).


Message History

You hit the gnoll. You grab the gnoll. You squeeze the gnoll!
The gnoll is almost dead.
You constrict the gnoll.
You kill the gnoll!
You see here a whip.
The gnoll hits you with a club!
You hit the gnoll but do no damage. Your grab misses the gnoll.
The gnoll hits you with a club.
You barely miss the gnoll. Your grab misses the gnoll.
The gnoll hits you with a club.
* * * LOW HITPOINT WARNING * * *
You hit the gnoll but do no damage. Your grab misses the gnoll.
You barely miss the gnoll. Your grab misses the gnoll.
The gnoll hits you with a club.
* * * LOW HITPOINT WARNING * * *
You hit the gnoll.
You feel better.
Your grab misses the gnoll. You squeeze the gnoll.
The gnoll is severely wounded.
The gnoll hits you with a club!
You die...

############# ########
#.....)@g...# <......#
#.#########.## .#####.#
#...........=######## .# #.#
#..####......>....... .# #.#
#..# #(###g.#######.
.#####.# #..# # #..#
....##<###..####. ##..######
..................#.......>.
.##.#...##..####..#..g###...


You could see a gnoll.

Vanquished Creatures
  A gnoll (D:2)
  An ooze (D:1)
  A worm (D:2)
  A giant gecko (D:1)
  2 giant cockroaches (D:1)
  5 goblins
  4 hobgoblins
  3 jackals (D:1)
  4 kobolds (D:1)
  4 bats
  2 giant newts (D:1)
  4 rats
32 creatures vanquished.

Notes
Turn   | Place    | Note
--------------------------------------------------------------
     0 | D:1      | wvc the Octopode Wanderer began the quest for the Orb.
     0 | D:1      | wvc set off with: a +2 dagger, a scroll of blinking, a +0 short sword, a potion of curing, a bread ration
     0 | D:1      | Reached XP level 1. HP: 14/14 MP: 1/1
    98 | D:1      | Reached XP level 2. HP: 19/19 MP: 2/2
   387 | D:1      | Reached skill level 4 in Short Blades
   388 | D:1      | Reached XP level 3. HP: 12/24 MP: 3/3
  1130 | D:2      | Slain by a gnoll

Vault maps used:
D:1:      eino_arrival_cavern_a

Action                   || total
-------------------------++-------
Melee: Dagger            ||    64
  Use: Scroll            ||     5
 Stab: Sleeping          ||    15
       Distracted        ||     1
  Eat: Bread ration      ||     1
       Chunk             ||     1
